 BcadrenCrawl: Boulder Brew version 0.05.31-16-g17090fb0d7 (webtiles) character file.

Game seed: 5351058127710307859, levelgen mode: deterministic

660 BR41ND34D the Gusty (level 7, 40/40 HPs) Silent Spectre Noble. Began on June 17, 2021. Quit the game on level 2 of the Dungeon on Sept 29, 2021. The game lasted 00:29:32 (1716 turns).

BR41ND34D the Gusty (Silent Spectre Noble)          Turns: 1716, Time: 00:29:33

Health: 40/40      AC:  3    Str:  6    XL:     7 ^: 483
Magic:  6/16       EV: 16    Int: 21    God:
Gold:   66         SH:  0    Dex: 14    Spells: 10/14 levels left

rFire    . . .     Vision   .   (no weapon)
rCold    . . .     Gourm    .   g - +1 short sword
rNeg     + + +     Faith    .   a - +0 robe
rCorr    . . .     Spirit   .   b - +1 hat
rPois    ∞         Reflect  .   (no cloak)
rElec    .         Harm     .   (no gloves)
MR       .....                  (no boots)
Stlth    +++.......             e - amulet of regeneration
HPRegen  0.63/turn              i - ring of wizardry
MPRegen  0.26/turn              (no ring)

@: silenced
A: silence aura 2, negative energy resistance 3, torment resistance,
unbreathing, petrification resistance, silent casting, insubstantial
a: no special abilities


You were on level 2 of the Dungeon.
You were not hungry.

You visited 1 branch of the dungeon, and saw 2 of its levels.
You also visited: Market.

You collected 16 gold pieces.
You spent 950 gold pieces at shops.

Inventory:

Weapons
 g - a +1 short sword (weapon)
Armour
 a - a +0 robe (worn)
 b - a +1 hat (worn)
Jewellery
 e - an amulet of regeneration (around neck)
 h - an uncursed amulet of reflection
 i - a ring of wizardry (left hand)
Potions
 c - a potion of degeneration
 d - a potion of ambrosia
 f - a potion of magic


   Skills:
 + Level 2.4 Fighting
 + Level 3.3 Dodging
 + Level 4.0 Stealth
 * Level 4.2 Spellcasting
 * Level 4.9 Air Magic


You had 10 spell levels left.
You knew the following spells:

 Your Spells              Type           Power        Failure   Level  Hunger
a - Shock                 Air            25 (25)      1%          1    N/A
b - Static Discharge      Air            25 (100)     2%          3    N/A

Your spell library contained the following spells:

 Spells                   Type           Power        Failure   Level  Hunger
 Swiftness                Chrm/Air       14 (100)     3%          2    N/A
 Airstrike                Air            25 (200)     9%          4    N/A
 Lightning Bolt           Air            25 (200)     21%         5    N/A
 Silence                  Hex/Air        14 (200)     45%         5    N/A
 Summon Lightning Spire   Summ/Air       14 (100)     45%         5    N/A
 Conjure Ball Lightning   Air            25 (200)     71%         6    N/A
 Deflect Missiles         Chrm/Air       14 (200)     94%         6    N/A
 Tornado                  Air            25 (200)     100%        9    N/A

Dungeon Overview and Level Annotations

Branches:
Dungeon (2/8)

Altars:

Shops:
D:2 *


Innate Abilities, Weirdness & Mutations

You are immune to poison.
You are surrounded by an aura of unnatural quiet.
You are immune to negative energy. (rN+++)
You are immune to unholy pain and torment.
You can survive without breathing.
You are immune to petrification.
You can communicate with gods and cast spells while silenced.
Your insubstantial form boosts your evasion and grants immunity to sticky flames, nets and constriction.


Message History

The sewer rat bites you but does no damage.
You barely miss the sewer rat. You hit the sewer rat but do no damage.
The sewer rat is almost dead. (1/10) HP The sewer rat barely misses you (0).
You closely miss the sewer rat. You hit the sewer rat but do no damage.
The sewer rat is almost dead. (1/10) HP The sewer rat closely misses you (0).
You hit the sewer rat but do no damage. You closely miss the sewer rat.
The sewer rat is almost dead. (1/10) HP The sewer rat closely misses you (0).
You hit the sewer rat but do no damage. You hit the sewer rat (1).
You kill the sewer rat!
Your Stealth skill increases to level 4!
Welcome back, BR41ND34D the Silent Spectre Noble.
Press ? for a list of commands and other information.
Unknown command.
Okay, then.
Quiver which item? (- for none, * to show all) (? for menu, Esc to quit)
Okay, then.
Are you sure you want to abandon this character and quit the game? (Confirm with "yes".)

≈.≈≈≈≈≈≈≈.≈≈≈≈≈≈≈≈.≈≈.≈≈≈≈≈≈.†≈
......≈≈≈≈≈≈≈≈≈≈≈≈..%†.≈≈≈≈..≈≈
≈≈.≈≈..≈≈b≈≈≈≈≈≈≈..≈≈≈≈b≈≈..≈≈≈
≈≈.≈≈≈.b≈.≈...≈≈.≈≈≈≈b≈≈≈≈≈.≈≈≈
≈..≈≈≈≈.....≈....≈≈≈≈≈≈≈≈b≈.≈≈≈
≈.≈≈≈≈≈≈?≈≈≈≈≈≈.≈≈≈≈≈≈≈≈≈≈≈..≈≈
..≈≈≈≈≈≈..≈≈≈≈≈≈†≈≈≈≈≈≈≈≈≈≈≈.≈b
.≈≈≈≈≈≈†≈.≈≈≈≈≈.†≈;≈≈≈≈≈≈≈≈;.≈≈
.≈≈≈≈≈.......†@.†≈†≈≈;≈≈≈≈≈≈...
.####......#########≈≈≈≈≈≈≈≈≈##
#≈...#.≈# ..≈≈≈≈≈≈≈ #≈..≈###.≈
..≈≈≈≈≈ #†...≈ ...# ..≈≈≈≈≈
.....≈# .≈>w #.≈≈≈≈≈ ...>..##
.s... ..≈≈≈≈ ..≈≈≈. .... .≈.≈≈.
....


You could see 2 neutral submerged slimeheads (passive).

Vanquished Creatures
  A bullfrog (D:2)
  3 big kobolds
  A jelly (D:2)
  8 giant cockroaches
  2 adders
  12 sewer rats (D:2)
  8 cinder newts
  A worm (D:2)
  2 oozes (D:2)
  2 dart slugs (D:1)
  A leopard gecko (D:2)
  A ball python (D:1)
  3 bats
  4 goblins (D:1)
  2 hobgoblins (D:1)
  18 kobolds
  A bat skeleton (D:2)
  A rat (D:1)
  4 withered plants (D:2)
75 creatures vanquished.

Vanquished Creatures (others)
  A jelly (D:2)
  A giant cockroach (D:2)
  A leopard gecko (D:2)
  A kobold (D:2)
  A slimehead (D:2)
  102 withered plants (D:2)
107 creatures vanquished.

Grand Total: 182 creatures vanquished

Notes
Turn   | Place    | Note
-------+----------+-------------------------------------------
     0 | Start Ma | BR41ND34D the Silent Spectre Noble began the quest for the
                  | Orb.
     0 | Start Ma | Reached XP level 1. HP: 11/11 MP: 5/5
     0 | Start Ma | Found Wotsec's Mashing MeleeMart.
     0 | Start Ma | Found Tiaf's Auxillary Armour.
    24 | Start Ma | Found Uroyweoc's Expert Tomes.
    61 | Start Ma | Bought a book of Air for 450 gold pieces
    63 | Start Ma | Learned a level 1 spell: Shock
    64 | Start Ma | Bought a book of the Sky for 500 gold pieces
    85 | D:1      | BR41ND34D set off with the following items: a +0 robe; and
                  | the following spell memorised: Shock; and the following
                  | spells available to memorise: Swiftness, Static Discharge,
                  | Airstrike, Lightning Bolt, Silence, Summon Lightning Spire,
                  | Conjure Ball Lightning, Deflect Missiles, Tornado
   136 | D:1      | Reached skill level 1 in Fighting
   136 | D:1      | Reached skill level 1 in Air Magic
   136 | D:1      | Reached XP level 2. HP: 4/16 MP: 0/7
   278 | D:1      | Reached skill level 1 in Dodging
   278 | D:1      | Reached XP level 3. HP: 17/20 MP: 1/8
   515 | D:1      | Reached XP level 4. HP: 25/25 MP: 2/10
   913 | D:2      | Found Syteb's Assorted Antiques.
   913 | D:2      | Noticed a big kobold
   938 | D:1      | Reached XP level 5. HP: 14/29 MP: 0/11
  1133 | D:2      | Reached XP level 6. HP: 33/35 MP: 1/14
  1406 | D:2      | Reached XP level 7. HP: 22/40 MP: 7/15
  1462 | D:2      | Learned a level 3 spell: Static Discharge
  1716 | D:2      | Upgraded the game from 0.05.11-18-g02123457dd to
                  | 0.05.31-16-g17090fb0d7
  1716 | D:2      | Quit the game

Levels and vault maps discovered:
D:1:      minmay_arrival_checkered_box, layout_rooms, serial_glass,
          glass_columns_a, glass_columns_c, minmay_misc_feat_doors
D:2:      layout_sewer, elyvilon_niche, first_ration, serial_shops, shop,
          chequers_serial_rivers_micro_c, serial_park_tiny_pond,
          minmay_a_box_with_orc_wizards_in_it

Skill      XL: |  1  2  3  4  5  6  7 |
---------------+----------------------+-----
Fighting       | 1 2 |  2.4
Air Magic      | 1 2 3 4 |  4.9
Dodging        | 1 2 3 |  3.3
Stealth        | 2 3 4 |  4.0
Spellcasting   | 2 3 4 |  4.2

Action                   |  1- 3 |  4- 6 |  7- 9 || total
-------------------------+-------+-------+-------++-------
Melee: Unarmed           |    60 |    50 |    25 ||   135
       Short sword       |       |    49 |    25 ||    74
 Cast: Shock             |    42 |    78 |    36 ||   156
       Static Discharge  |       |       |    10 ||    10
  Use: Potion            |       |     1 |       ||     1
 Stab: Sleeping          |       |     2 |       ||     2
Armor: Robe              |    13 |    14 |     5 ||    32
Dodge: Dodged            |    61 |    64 |    37 ||   162
